Map: Orbital Shipyard

Players

Javert

  • Race: Zerg Zerg
  • League: Platinum

WaWaCrAtEs - Winner!

  • Race: Protoss Protoss
  • League: Gold

VOD

Have the link to the VOD?

Description

Time

  • Played on: Aug. 21, 2015, 1:04 a.m.
  • Length: 13:43
Show
View Real Time Build Order
Export as new Build Order

Javert Zerg 

Build Orders: Hatch First 

Get SALT Encoding   

  12  0:01  Drone  
  13  0:13  Overlord  
  13  0:18  Drone  
  14  0:33  Drone x2  
  16  0:36  Drone  
  17  0:55  Hatchery  
  16  1:00  Drone  
  16  1:01  Drone  
  16  1:04  Extractor  
  17  1:07  Drone  
  18  1:21  Spawning Pool  
  17  1:26  Drone  
  17  1:32  Drone  
  19  1:41  Drone  
  20  1:55  Drone  
  21  2:03  Overlord  
  21  2:11  Extractor  
  21  2:12  Metabolic Boost  
  21  2:13  Queen x2  
  21  2:15  Drone  
  25  2:18  Drone  
  26  2:23  Overlord  
  26  2:29  Drone x2  
  28  2:31  Extractor  
  28  2:37  Drone  
  29  2:52  Drone  
  29  2:53  Drone x2  
  32  3:07  Roach Warren, Zergling x2  
  32  3:08  Hatchery  
  31  3:13  Drone  
  31  3:14  Drone x2  
  31  3:19  Queen  
  36  3:31  Drone x5  
  41  3:41  Drone x2  
  43  3:47  Overlord  
  43  3:51  Extractor  
  43  3:54  Overlord x2  
  42  4:10  Roach x3  
  42  4:11  Roach x2  
  52  4:22  Drone x3  
  55  4:29  Lair  
  55  4:30  Drone x3  
  55  4:31  Drone x2  
  60  4:32  Extractor  
  59  4:42  Drone x3  
  59  4:43  Drone  
  63  4:47  Drone  
  64  4:53  Evolution Chamber, Drone x2  
  64  4:57  Overlord  
  65  5:01  Overlord  
  65  5:06  Overlord x3  
  65  5:11  Ravager x2  
  65  5:12  Ravager  
  65  5:13  Ravager x2  
  70  5:15  Zergling x2  
  70  5:16  Zergling x10  
  76  5:21  Overlord  
  76  5:25  Spore Crawler  
  76  5:26  Spore Crawler  
  76  5:28  Zerg Missile Weapons Level 1  
  64  5:53  Zergling x2  
  64  5:54  Zergling x16  
  69  6:04  Drone x8  
  69  6:06  Glial Reconstitution  
  69  6:08  Hydralisk Den  
  73  6:18  Overlord  
  69  6:21  Drone x3  
  69  6:22  Evolution Chamber  
  69  6:23  Extractor  
  69  6:27  Extractor  
  69  6:32  Drone  
  69  6:33  Drone x6  
  69  6:37  Overlord x2  
  75  6:43  Drone x3  
  75  6:46  Muscular Augments  
  78  6:49  Zerg Ground Armor Level 1  
  78  6:51  Hydralisk  
  78  6:52  Hydralisk x2  
  84  7:02  Hydralisk x2  
  84  7:03  Hydralisk x2  
  92  7:10  Spore Crawler  
  91  7:19  Hydralisk x4  
  99  7:23  Overlord x2  
  99  7:26  Spine Crawler  
  98  7:37  Zerg Missile Weapons Level 2  
  98  7:39  Overlord  
  98  7:40  Overlord  
  98  7:41  Drone x8  
  106  7:44  Extractor  
  106  7:50  Drone  
  106  7:51  Drone x2  
  108  7:57  Drone x2  
  110  8:01  Extractor  
  110  8:02  Hatchery  
  110  8:03  Extractor  
  87  8:32  Zergling x2  
  87  8:33  Zergling x14  
  79  9:15  Spine Crawler  
  79  9:16  Hydralisk  
  78  9:17  Hydralisk x15  
  78  9:23  Spine Crawler  
  109  9:30  Queen x2  
  113  9:32  Zerg Ground Armor Level 2  
  113  9:37  Drone x3  
  116  9:41  Roach  
  116  9:42  Roach x6  
  130  9:47  Overlord x2  
  130  9:51  Spire  
  129  9:53  Drone x3  
  129  9:59  Spine Crawler  
  131  10:00  Spore Crawler  
  131  10:03  Overseer  
  130  10:07  Overlord x2  
  130  10:11  Drone  
  130  10:14  Infestation Pit  
  130  10:22  Drone x5  
  134  10:33  Drone x4  
  137  11:27  Drone x2  
  137  11:28  Drone  
  140  11:35  Infestation Pit  
  140  11:38  Spine Crawler x2  
  137  11:41  Roach  
  137  11:43  Spore Crawler, Lurker Den, Roach x6  
  137  11:45  Hatchery  
  137  11:46  Overlord x2  
  149  11:47  Hatchery  
  149  11:48  Extractor  
  149  11:49  Extractor  
  146  12:04  Hydralisk x4  
  146  12:05  Overlord x6  
  152  12:18  Extractor  
  152  12:22  Extractor  
  150  12:40  Spine Crawler  
  149  12:51  Spine Crawler  
  148  12:53  Hydralisk  
  148  12:54  Hydralisk x11  
  164  13:22  Spine Crawler  
Show
View Real Time Build Order
Export as new Build Order

WaWaCrAtEs Protoss - Winner!

Build Orders: Phoenix Opening 

Get SALT Encoding   

  12  0:00  Probe  
  13  0:15  Pylon  
  13  0:18  Probe  
  14  0:31  Probe  
  14  0:34  Gateway  
  15  0:40  Assimilator  
  15  0:43  Probe  
  16  0:55  Probe  
  17  1:05  Pylon  
  17  1:07  Probe  
  18  1:19  Probe  
  18  1:22  Cybernetics Core  
  19  1:32  Probe  
  20  1:55  Nexus  
  20  1:59  Mothership Core  
  22  2:07  Gateway  
  22  2:16  Gateway  
  22  2:31  Zealot  
  25  2:37  Probe  
  25  2:49  Probe, Assimilator  
  26  3:00  Assimilator  
  26  3:01  Probe  
  26  3:05  Stargate  
  27  3:06  Assimilator  
  27  3:11  Probe  
  28  3:13  Probe  
  29  3:24  Probe  
  29  3:25  Probe  
  31  3:34  Sentry, Zealot  
  33  3:36  Probe  
  33  3:37  Probe  
  37  3:42  Zealot  
  37  3:48  Probe  
  40  3:52  Phoenix  
  42  3:59  Pylon  
  42  4:06  Probe x2  
  42  4:18  Probe  
  42  4:19  Probe, Phoenix  
  46  4:41  Nexus  
  46  4:52  Pylon, Warp Gate  
  46  5:04  Pylon  
  46  5:10  Probe x2  
  46  5:11  Zealot  
  46  5:12  Sentry  
  54  5:23  Sentry  
  54  5:30  Probe x2, Robotics Facility  
  54  5:33  Pylon  
  56  5:42  Probe x2  
  48  5:52  Void Ray  
  50  6:04  Sentry x2  
  54  6:14  Probe x3  
  54  6:18  Warp Prism  
  57  6:46  Probe x2  
  59  6:49  Gateway  
  59  6:51  Probe, Assimilator  
  60  6:58  Immortal, Probe x2, Assimilator  
  66  7:03  Probe  
  67  7:09  Stalker  
  67  7:10  Stalker x2, Probe x2  
  75  7:17  Probe  
  76  7:22  Probe  
  76  7:24  Probe  
  76  7:29  Probe  
  79  7:34  Robotics Bay  
  79  7:35  Probe  
  79  7:36  Probe  
  81  7:37  Pylon  
  81  7:38  Zealot x2  
  85  7:55  Observer  
  85  7:57  Gateway  
  86  7:59  Gateway  
  86  8:03  Twilight Council  
  86  8:04  Gateway  
  79  8:22  Zealot x4  
  79  8:29  Probe x2  
  79  8:30  Probe  
  80  8:44  Zealot x3  
  80  8:46  Zealot  
  88  8:51  Probe x2  
  82  8:56  Colossus  
  82  9:02  Stalker x3  
  88  9:04  Gateway  
  88  9:05  Gateway  
  88  9:08  Gateway  
  86  9:13  Zealot x3  
  92  9:20  Pylon  
  92  9:22  Pylon, Blink  
  92  9:25  Templar Archives, Pylon  
  92  9:26  Pylon  
  92  9:40  Probe x3  
  95  9:49  Stalker x5  
  95  9:51  Zealot  
  95  9:52  Probe x2  
  109  10:08  Zealot x3  
  109  10:11  Zealot  
  117  10:22  Psionic Storm  
  117  10:24  High Templar  
  117  10:25  High Templar x3  
  125  10:52  Pylon  
  125  10:54  Pylon  
  125  10:55  Zealot  
  125  10:56  Pylon  
  119  11:13  Probe  
  119  11:14  Probe  
  119  11:24  Nexus, Charge  
  119  11:25  Pylon  
  119  11:27  Gateway  
  119  11:31  Colossus  
  119  11:32  Pylon  
  125  11:33  Extended Thermal Lance  
  125  11:35  Zealot x2, Pylon  
  125  11:36  Zealot x6  
  125  11:37  Zealot x2  
  144  11:53  Forge  
  144  11:56  Forge  
  144  11:58  Zealot x2  
  144  12:00  Zealot x2  
  148  12:24  Colossus  
  148  12:29  Zealot x2  
  154  12:30  Zealot x3  
  159  12:52  Zealot x5  
  159  12:53  Zealot x3  
  139  13:29  Zealot x2  
  139  13:30  Zealot x4  
Tags
 
Add a new tag
Caveats
  • Supply blocks, unpowered buildings, or Contaminate may cause inaccurate times.
  • Supply counts are checked every 10 seconds.